AoeStats
← 白鹿城拉车车

African Clearing

504508532Analyzed
4v4 RM · 27d ago on Sep 5, 2026· 45m 23s· 8 players
Game mode
Random Map
Map size
Large (8 player)
Population
200
Speed
Normal
Resources
Standard
Victory
Conquest
Starting age
Dark Age
Ending age
Imperial Age
RankedLock teamsTeams togetherTeam positionsShared explorationLock speedFull tech treeHidden civsTurbo modeCheats
Victory
Defeat
🇨🇳 Khitans · China
1393
+14
🇨🇳 Japanese · China
1352
+16
🇨🇳 Huns · China
1348
+16
🇨🇳 Mongols · China
1293
+19
🇨🇳 Slavs · China
1373
-17
🇭🇰 Magyars · Hong Kong SAR China
1362
-17
🇨🇳 Mapuche · China
1356
-16
🇹🇼 Mongols · Taiwan
1312
-15
Minneapolis
5:55 Loom
13:34 Feudal Age
19:27 Castle Age
17:25 Double-Bit Axe
20:34 Bow Saw
20:18 Fletching
20:57 Bodkin Arrow
21:40 Padded Archer Armor
26:22 Leather Archer Armor
28:04 Ballistics
33:15 Horse Collar
35:34 Heavy Plow
35:26 Gold Mining
38:28 Wheelbarrow
38:37 Gold Shaft Mining
39:39 Hand Cart
41:56 Imperial Age
40:10 Gold Shaft Mining
41:48 Stone Mining
43:16 Conscription
42:23 Elite Bolas Rider
43:43 Ring Archer Armor
44:16 Chemistry
43:34 Malon
风正一帆悬
7:38 Loom
12:17 Feudal Age
12:58 Double-Bit Axe
19:56 Castle Age
20:53 Bloodlines
20:43 Husbandry
22:31 Light Cavalry
29:51 Horse Collar
31:57 Elite Skirmisher
33:52 Husbandry
34:15 Scale Barding Armor
35:41 Bow Saw
37:00 Wheelbarrow
36:20 Gold Mining
38:31 Corvinian Army
39:11 Heavy Plow
40:17 Chain Barding Armor
41:30 Fletching
44:20 Imperial Age
42:52 Stone Mining
43:00 Bodkin Arrow
開機中
6:51 Loom
14:38 Feudal Age
16:03 Double-Bit Axe
37:11 Gold Mining
41:24 Castle Age
43:24 Gold Shaft Mining
43:34 Bow Saw
白鹿城拉车车
13:39 Feudal Age
16:16 Loom
19:12 Castle Age
17:00 Double-Bit Axe
17:51 Fishing Lines
17:55 Horse Collar
20:19 Bow Saw
24:08 Wheelbarrow
27:17 Fletching
28:02 Bodkin Arrow
30:00 Pikeman
33:00 Gold Mining
33:02 Stone Mining
37:02 Imperial Age
35:47 Gold Shaft Mining
35:31 Detinets
35:58 Forging
35:53 Scale Barding Armor
36:46 Hand Cart
38:16 Ballistics
38:07 Masonry
38:39 Iron Casting
38:24 Chain Barding Armor
38:35 Conscription
39:40 Two-Man Saw
38:42 Heavy Plow
40:55 Blast Furnace
41:21 Chemistry
40:40 Bloodlines
40:30 Husbandry
40:30 Elite Boyar
42:14 Plate Barding Armor
42:45 Siege Engineers
42:33 Halberdier
43:13 Squires
Mick...
5:02 Loom
12:57 Feudal Age
17:21 Castle Age
15:39 Fletching
16:16 Double-Bit Axe
17:27 Horse Collar
23:01 Bodkin Arrow
23:18 Padded Archer Armor
29:58 Ballistics
32:24 Gold Mining
34:55 Wheelbarrow
35:09 Gold Shaft Mining
34:40 Husbandry
34:51 Bloodlines
35:45 Heavy Plow
39:00 Imperial Age
36:53 Hand Cart
36:56 Scale Barding Armor
37:11 Forging
37:21 Marauders
37:58 Chain Barding Armor
39:01 Iron Casting
39:05 Leather Archer Armor
39:29 Bow Saw
40:32 Conscription
40:49 Plate Barding Armor
41:21 Plate Barding Armor
41:47 Blast Furnace
40:11 Elite Tarkan
42:37 Leather Archer Armor
2468899547
6:18 Loom
13:55 Feudal Age
17:28 Castle Age
15:52 Double-Bit Axe
15:59 Fletching
18:20 Bow Saw
19:12 Gold Mining
20:36 Padded Archer Armor
25:16 Horse Collar
29:16 Stone Mining
30:03 Wheelbarrow
30:32 Bodkin Arrow
34:26 Ballistics
34:36 Leather Archer Armor
35:41 Gold Shaft Mining
39:47 Imperial Age
37:34 Hand Cart
40:53 Conscription
41:40 Parthian Tactics
40:36 Heavy Cavalry Archer
41:32 Bracer
42:04 Ring Archer Armor
43:03 Chemistry
江哥
8:42 Loom
11:31 Feudal Age
12:42 Double-Bit Axe
14:45 Forging
15:23 Wheelbarrow
16:32 Scale Barding Armor
18:44 Fletching
26:49 Castle Age
28:24 Iron Casting
27:34 Domestication
28:11 Bow Saw
28:12 Husbandry
29:44 Hand Cart
30:27 Pastoralism
32:32 Chain Barding Armor
32:35 Gold Mining
39:30 Imperial Age
38:42 Bodkin Arrow
38:48 Padded Archer Armor
38:41 Heavy Cavalry Archer
39:26 Thumb Ring
41:05 Conscription
40:54 Bracer
41:55 Chemistry
41:23 Parthian Tactics
42:00 Leather Archer Armor
42:34 Ballistics
44:11 Heavy Camel Rider
牛比无极限
4:44 Loom
11:14 Feudal Age
14:41 Scale Barding Armor
18:11 Forging
19:06 Bloodlines
19:48 Horse Collar
21:46 Wheelbarrow
28:08 Castle Age
27:47 Double-Bit Axe
30:11 Heavy Plow
30:23 Bow Saw
30:31 Hand Cart
37:52 Gold Mining
38:26 Fletching
40:25 Ballistics
40:07 Bodkin Arrow
40:13 Padded Archer Armor
44:38 Imperial Age
42:43 Leather Archer Armor
42:37 Thumb Ring
43:15 Gold Shaft Mining
42:33 Stone Mining
44:30 Husbandry
45:23 Bracer
46:44 Chemistry
Connection lost

Rejoining the realm…

Still unreachable

The connection could not be restored.

Session expired

The server has moved on; the page needs a fresh start.